 Dungeon Crawl Stone Soup version 0.29-a0-233-g1125b37a9b (webtiles) character file.

Game seed: 8344192419754121695

9340 iguanaiguana the Summoner (level 11, -4/52 HPs)
             Began as a Vine Stalker Summoner on Mar 2, 2022.
             Was a High Priest of Dithmenos.
             Slain by a shadow (27 damage)
             ... on level 9 of the Dungeon.
             The game lasted 00:40:37 (11612 turns).

iguanaiguana the Summoner (Vine Stalker Summoner)  Turns: 11612, Time: 00:40:37

Health: -4/52      AC:  9    Str: 10    XL:     11   Next: 45%
Magic:  0/17       EV: 11    Int: 28    God:    Dithmenos [*****.]
Gold:   598        SH: 11    Dex: 14    Spells: 6/16 levels left

rFire   + . .      SeeInvis .   g - +1 dagger (venom)
rCold   + . .      Faith    .   N - +1 kite shield
rNeg    . . .      Spirit   +   K - +2 robe {Will+}
rPois   .          Reflect  .   T - +2 hat {Int+3}
rElec   +          Harm     .   J - scarf {rC+ rF+}
rCorr   .          Rampage  .   v - +2 pair of gloves
Will    ++...                   (no boots)
Stlth   ++++......              (no amulet)
HPRegen 0.97/turn               I - +6 ring of intelligence
MPRegen 0.15/turn               (no ring)

@: wreathed by umbra, studying Air Magic
A: fangs 3, regeneration 1, magic shield, antimagic bite, no potion heal 2,
clumsy 1, electricity resistance
a: Renounce Religion, Shadow Step, Shadow Form


You were on level 9 of the Dungeon.
You worshipped Dithmenos.
Dithmenos was extremely pleased with you.
You visited 1 branch of the dungeon, and saw 10 of its levels.
You also visited: Sewer and Bailey.

You collected 598 gold pieces.

Inventory:

Hand Weapons
 c - a +0 hand axe
 g - a +1 dagger of venom (weapon)
 h - a +0 rapier
 x - a +0 dagger
Missiles
 b - 2 curare-tipped darts
 j - 33 poisoned darts
 B - a throwing net
Armour
 a - a +0 robe
 n - a +0 helmet
 v - a +2 pair of gloves (worn)
 y - a +0 leather armour
 G - a +0 leather armour of fire resistance
 J - a scarf of resistance (worn)
 K - a +2 robe of willpower (worn)
 N - a +1 kite shield (worn)
 P - a +0 buckler
 T - a +2 hat of intelligence (worn)
Jewellery
 w - a ring of fire
 I - a +6 ring of intelligence (left hand)
 L - a ring of fire
Wands
 i - a wand of acid (6) {@v1}
 o - a wand of paralysis (8)
 p - a wand of charming (7)
 s - a wand of iceblast (9) {@v2}
 W - a wand of digging (7) {@v3}
Scrolls
 e - 9 scrolls of teleportation {@r3}
 z - 4 scrolls of amnesia
 A - 3 scrolls of enchant weapon
 C - 3 scrolls of fear
 D - 3 scrolls of immolation
 H - 2 scrolls of brand weapon
 M - 2 scrolls of noise {unknown}
 O - a scroll of silence {unknown}
 V - a scroll of blinking {@r4}
Potions
 d - 3 potions of flight
 f - 4 potions of curing {@q1}
 k - 5 potions of lignification
 l - a potion of resistance {unknown}
 m - 3 potions of haste {@q4}
 q - 2 potions of might {@q3}
 r - a potion of attraction {unknown}
 u - a potion of berserk rage {unknown}
 E - a potion of brilliance {unknown}
 F - a potion of ambrosia {unknown}
 Q - a potion of magic {unknown}
 R - a potion of cancellation {unknown}
 S - a potion of invisibility {unknown}
Miscellaneous
 t - a box of beasts
 U - a phantom mirror


   Skills:
 + Level 3.5 Fighting
 + Level 2.2 Short Blades
 + Level 1.4 Throwing
 + Level 2.2 Dodging
 * Level 4.7 Stealth
 + Level 7.9 Shields
 + Level 3.4 Spellcasting
 - Level 12.0 Summonings
 * Level 7.2 Air Magic
 - Level 3.0 Evocations


You had 6 spell levels left.
You knew the following spells:

 Your Spells              Type           Power      Damage    Failure   Level
a - Summon Small Mammal   Summ           100%       N/A       1%          1
b - Call Imp              Summ           64%        N/A       1%          2
c - Call Canine Familiar  Summ           64%        N/A       1%          3
d - Summon Lightning Spi  Summ/Air       56%        N/A       3%          4

Your spell library contained the following spells:

 Spells                   Type           Power      Damage    Failure   Level
 Summon Guardian Golem    Hex/Summ       38%        N/A       4%          3
 Summon Ice Beast         Ice/Summ       38%        N/A       16%         4
 Freeze                   Ice            16%        1d4       19%         1
 Conjure Flame            Conj/Fire      4%         6-21      50%         3
 Dazzling Flash           Conj/Hex       8%         N/A       50%         3
 Frozen Ramparts          Ice            8%         1d2       50%         3
 Ignite Poison            Fire/Tmut/Pois 4%         N/A       50%         3
 Hailstorm                Conj/Ice       4%         3d4       88%         4
 Ice Form                 Ice/Tmut       4%         N/A       88%         4
 Iskenderun's Mystic Bla  Conj/Tloc      4%         2d3       88%         4
 Sticky Flame             Conj/Fire      4%         2d3       88%         4
 Iskenderun's Battlesphe  Conj           4%         2d6       99%         5
 Iron Shot                Conj/Erth      2%         9d2       100%        6
 Starburst                Conj/Fire      2%         6d3       100%        6
 Spellforged Servitor     Conj/Summ      19%        N/A       100%        7


Dungeon Overview and Level Annotations

Branches:
Dungeon (10/15)            Temple (0/1) D:5            Lair (0/6) D:8
  Sewer (visited)          Bailey (visited)
    Orc: D:9-12

Altars:
Ashenzari
Cheibriados
Dithmenos
Fedhas
Hepliaklqana
Kikubaaqudgha
Okawaru
Ru
Sif Muna
Uskayaw
Vehumet
Yredelemnul

Shops:
D:10 *

Annotations:
D:3 2 runed translucent doors, mdk's ghost, amateur MiHu
D:4 2 transporters, siradein's ghost, novice HOBe
D:8 1 runed translucent door, dracfodder's ghost, novice OgBe


Innate Abilities, Weirdness & Mutations

You have razor-sharp teeth.
Your natural rate of healing is unusually fast.
When hurt, damage is shared between your health and your magic reserves.
Your bite disrupts and absorbs the magic of your enemies.
Potions cannot restore your health.
You are clumsy. (Dex -2)
You are resistant to electric shocks. (rElec)


Message History

The yak closely misses your wolf.
Your wolf closely misses the shadow.
Your wolf bites the shadow but does no damage.
The shadow hits you. The yak gores your wolf.
Your wolf completely misses the shadow.
The yak gores your wolf.
The shadow slips into darkness.
The shadow flickers and vanishes!
Deactivating autopickup; reactivate with Ctrl-A.
The yak gores your wolf!
You hit something. Your bite misses something.
Your wolf closely misses something.
Your wolf bites something!
The yak gores your wolf.
Your wolf dies!
Your wolf's corpse disappears in a puff of smoke!
The shadow strikes at you from the darkness!
Reactivating autopickup.
You hit the shadow but do no damage.
The shadow is almost destroyed.
The shadow barely misses you.
You hit the shadow.
The shadow is almost destroyed.
The yak gores you. x2; The yak misses you.
The shadow hits you. The yak gores you!
You emit a cloud of dark smoke.
The yak gores you but does no damage.
The shadow slips into darkness.
The shadow flickers and vanishes!
Deactivating autopickup; reactivate with Ctrl-A.
You block the yak's attack.
You climb upwards.
Reactivating autopickup.
There is a stone staircase leading down here.
Casting: Call Canine Familiar (safe; 1% risk of failure)
Confirm with . or Enter, or press ? or * to list all spells.
An electric hum fills the air.
The yak gores you!
* * * LOW HITPOINT WARNING * * *
The yak gores you.
* * * LOW HITPOINT WARNING * * *
The shadow strikes at you from the darkness!
Ouch! That really hurt!
You die...

#.## ###.<.# #....
#..# ########'#####
#.... ##.#
#............# #....
#.#
#............#####....
#.#
#............'...#....
#.##
#............###.'....
#..# #^...........#
###.... ##.#
#....Y.......# #)...
#.# #...Y@Y8...<.#
#.... #.#
##########+### #....
#.# ###....# ###'# #.#
##...#### ###.# #.#
#..### #>..# #.#
###'###### ###'###
###'#### ####........#
#...... .......#
#..'<.......# #......
.......###.##........#
#......


You could see 3 yaks and a friendly lightning spire (summoned).

Vanquished Creatures
  Grinder (D:5)
  2 wyverns (D:9)
  A yak (D:7)
  Eustachio (D:4)
  A vampire mosquito (D:6)
  2 water moccasins
  An orc warrior (D:8)
  A black bear (D:6)
  2 sky beasts
  An ogre (D:5)
  2 centaurs (D:5)
  A kobold brigand (Sewer)
  A bullfrog (D:7)
  3 scorpions (D:5)
  2 killer bees
  A howler monkey (D:6)
  2 vampire bats (Bailey)
  3 wolf zombies (Bailey)
  A hound (D:5)
  A jelly (D:8)
  An orc priest (D:8)
  A gnoll shaman (D:4)
  3 orc wizards
  A gnoll (D:4)
  3 adders
  A shadow imp (D:7)
  A white imp (D:5)
  An ufetubus (D:4)
  A dart slug (D:4)
  14 orcs
  A ball python (D:2)
  4 endoplasms
  3 giant cockroaches
  6 goblins
  4 hobgoblins
  A jackal (D:4)
  4 quokkas
  4 bats
  4 frilled lizards
  7 kobolds
  5 orc zombies (Bailey)
  5 rats
105 creatures vanquished.

Vanquished Creatures (collateral kills)
  A two-headed ogre (D:6)
  An elephant (D:8)
  A gargoyle (Bailey)
  A hornet (D:9)
  2 vampires (Bailey)
  A shadow (D:9)
  A wraith (D:9)
  2 wyverns
  A basilisk (D:8)
  8 yaks
  A steam dragon (D:6)
  An orc warrior (D:8)
  2 black bears
  A centaur (D:9)
  5 ogres
  A phantom (D:6)
  4 kobold brigands
  2 necrophages
  3 scorpions
  4 wights (D:8)
  7 killer bees
  An electric eel (D:6)
  A howler monkey (D:9)
  7 vampire bats (Bailey)
  4 wolf zombies (Bailey)
  2 jellies (D:6)
  2 orc priests
  2 hounds (D:6)
  A gnoll shaman (D:5)
  Terence (D:3)
  Ijyb (D:3)
  An iguana (D:6)
  2 orc wizards
  Robin (D:2)
  An adder (D:5)
  4 gnolls (D:4)
  A river rat (D:3)
  A dart slug (D:1)
  12 orcs
  5 endoplasms
  8 goblins
  6 hobgoblins
  A jackal (D:4)
  A quokka (D:1)
  A ball python (D:4)
  2 bats
  3 frilled lizards
  26 kobolds
  15 orc zombies (Bailey)
  2 rats
165 creatures vanquished.

Vanquished Creatures (others)
  A dart slug (D:2)
  9 plants
10 creatures vanquished.

Grand Total: 280 creatures vanquished

Notes
Turn   | Place    | Note
-------+----------+-------------------------------------------
     0 | D:1      | iguanaiguana the Vine Stalker Summoner began the quest for
                  | the Orb.
     0 | D:1      | Reached XP level 1. HP: 9/9 MP: 4/4
   488 | D:1      | Reached XP level 2. HP: 14/14 MP: 3/6
   630 | D:1      | Learned a level 2 spell: Call Imp
   855 | D:1      | Found a faded altar of an unknown god.
   864 | D:1      | Prayed at the altar of an unknown god.
   864 | D:1      | Became a worshipper of Dithmenos the Shadowed
   864 | D:1      | Reached * piety under Dithmenos
  1586 | D:2      | Reached skill level 1 in Fighting
  1586 | D:2      | Reached XP level 3. HP: 17/18 MP: 4/7
  1591 | D:2      | Learned a level 3 spell: Call Canine Familiar
  2492 | D:2      | Noticed Robin
  2513 | D:2      | Reached ** piety under Dithmenos
  2525 | D:2      | Killed Robin
  2526 | D:2      | Reached skill level 1 in Short Blades
  2526 | D:2      | Gained mutation: Your natural rate of healing is unusually
                  | fast. [Vine Stalker growth]
  2526 | D:2      | Reached XP level 4. HP: 12/22 MP: 4/8
  3045 | D:3      | Found a glowing drain.
  3052 | D:3      | Reached skill level 5 in Summonings
  3064 | Sewer    | Entered a sewer
  3131 | Sewer    | Noticed a kobold brigand
  3158 | Sewer    | Gained mutation: You are clumsy. (Dex -2) [potion of
                  | mutation]
  3158 | Sewer    | Gained mutation: You are resistant to electric shocks.
                  | (rElec) [potion of mutation]
  3161 | Sewer    | Killed a kobold brigand
  3162 | Sewer    | Reached skill level 1 in Air Magic
  3162 | Sewer    | Reached XP level 5. HP: 12/26 MP: 1/9
  3233 | Sewer    | Found a white marble altar of Elyvilon.
  3403 | D:3      | Noticed Ijyb
  3416 | D:3      | Killed Ijyb
  3427 | D:3      | Found a runed translucent door.
  3427 | D:3      | Noticed Terence
  3428 | D:3      | Noticed mdk's ghost (amateur MiHu)
  3447 | D:3      | Killed Terence
  3448 | D:3      | Reached skill level 1 in Evocations
  3550 | D:3      | Found a runed translucent door.
  3585 | D:3      | Found a hide-covered altar of Uskayaw.
  3596 | D:3      | Found a sacrificial altar of Ru.
  3703 | D:3      | Found a shadowy altar of Dithmenos.
  3792 | D:3      | Reached XP level 6. HP: 30/30 MP: 7/10
  3987 | D:3      | Found a shimmering blue altar of Sif Muna.
  4430 | D:4      | Reached *** piety under Dithmenos
  4512 | D:4      | Identified the +6 halberd "Tutror" {elec, rF+ rN+ MP+9
                  | SInv}
  4554 | D:4      | Found a transporter.
  4560 | D:4      | Found a transporter.
  4563 | D:4      | Noticed siradein's ghost (novice HOBe)
  4699 | D:4      | Noticed Eustachio
  4736 | D:4      | Killed Eustachio
  4737 | D:4      | Reached XP level 7. HP: 32/34 MP: 6/11
  4902 | D:4      | Reached skill level 6 in Summonings
  4985 | D:4      | Found a basalt altar of Yredelemnul.
  5241 | D:5      | Entered Level 5 of the Dungeon
  5434 | D:5      | Found a staircase to the Ecumenical Temple.
  5463 | D:5      | Reached skill level 7 in Summonings
  5618 | D:5      | Gained mutation: You have razor-sharp teeth. [Vine Stalker
                  | growth]
  5618 | D:5      | Reached XP level 8. HP: 33/39 MP: 7/12
  5657 | D:5      | Found an ancient bone altar of Kikubaaqudgha.
  5744 | D:5      | Found a radiant altar of Vehumet.
  5809 | D:5      | Reached skill level 8 in Summonings
  5870 | D:5      | Noticed Grinder
  5900 | D:5      | Killed Grinder
  6016 | D:5      | Reached skill level 5 in Air Magic
  6052 | D:5      | Reached skill level 9 in Summonings
  6058 | D:5      | Reached XP level 9. HP: 42/42 MP: 9/13
  6063 | D:5      | Learned a level 4 spell: Summon Lightning Spire
  6547 | D:6      | Noticed a two-headed ogre
  6707 | D:6      | Killed a two-headed ogre
  6708 | D:6      | Reached skill level 10 in Summonings
  6723 | D:6      | Reached skill level 11 in Summonings
  6727 | D:6      | Reached **** piety under Dithmenos
  7191 | D:6      | Reached XP level 10. HP: 49/49 MP: 9/14
  7601 | D:7      | Found a blossoming altar of Fedhas.
  7795 | D:7      | Reached skill level 12 in Summonings
  7842 | D:7      | Reached skill level 1 in Shields
  8044 | D:7      | Found an iron altar of Okawaru.
  8831 | D:8      | Reached skill level 5 in Shields
  8875 | D:8      | Found a flagged portal.
  8930 | Bailey   | Entered a bailey
  9418 | Bailey   | Reached ***** piety under Dithmenos
  9565 | Bailey   | Noticed a gargoyle
  9578 | Bailey   | Killed a gargoyle
  9618 | Bailey   | Reached XP level 11. HP: 52/52 MP: 9/16
  9810 | D:8      | Found a runed translucent door.
 10187 | D:8      | Found a staircase to the Lair.
 10295 | D:8      | Found a hazy altar of Hepliaklqana.
 10296 | D:8      | Found a faded altar of an unknown god.
 10331 | D:8      | Found a snail-covered altar of Cheibriados.
 10388 | D:8      | Found a broken altar of Ashenzari.
 10492 | D:8      | Noticed dracfodder's ghost (novice OgBe)
 10807 | D:9      | Reached skill level 1 in Throwing
 11400 | D:10     | Entered Level 10 of the Dungeon
 11546 | D:10     | Noticed a two-headed ogre
 11559 | D:10     | Found Udaeg's Overcharged Wands.
 11612 | D:9      | Slain by a shadow

Illustrated notes

Levels and vault maps discovered:
D:1:      moated_graveyard_arrival, layout_basic, ebering_ecumenical_altar_mist
D:2:      layout_basic, uniq_robin
D:3:      layout_basic, overflow_temple_1_default,
          nicolae_dithmenos_shadow_blocks, mainiacjoe_overflow_big_doors,
          ebering_ghost_sewer_f, portal_sewer_entry_b, minmay_misc_feat_alley,
          kennysheep_decorative_pillar, serial_bayou_crossing, uniq_terence,
          uniq_ijyb
D:4:      layout_basic, yredelemnul_altar_generic,
          gammafunk_ghost_gnarly_gnolls, minmay_checkerbox, uniq_eustachio
D:5:      layout_loops_ring, nicolae_vehumet_altar_sigil,
          kiku_gazebo_garden_becter, minmay_temple_entry_drinking_statues,
          hangedman_minor_gate_pass, uniq_grinder
D:6:      kennysheep_big_flooded_room, layout_cave_pools, minmay_manual_monolith
D:7:      layout_layer_cave, okawaru_trees_2, mainiacjoe_overflow_alcove_1
D:8:      layout_loops_ring, nicolae_overflow_squiral,
          beargit_hepliaklqana_dungeon_heroes, david_lair_generic,
          enter_bailey_3, ebering_ghost_inner_flame
D:9:      layout_roguey
D:10:     layout_rooms, general_overflow_altar, nicolae_shop_overcharged_wands

Skill      XL: |  1  2  3  4  5  6  7  8  9 10 11 |
---------------+----------------------------------+-----
Fighting       | 1 3 |  3.5
Short Blades   | 1 2 |  2.2
Summonings     | 5 7 9 11 12 | 12.0
Stealth        | 3 4 |  4.7
Air Magic      | 1 2 3 5 6 7 |  7.2
Evocations     | 1 3 |  3.0
Shields        | 7 |  7.9
Spellcasting   | 3 |  3.4
Throwing       | 1 |  1.4
Dodging        | 2 |  2.2

Action                   |  1- 3 |  4- 6 |  7- 9 | 10-12 || total
-------------------------+-------+-------+-------+-------++-------
Melee: Unarmed           |    10 |       |       |       ||    10
       Bite              |     9 |    13 |    23 |    56 ||   101
       Dagger            |    32 |    59 |    64 |   181 ||   336
       Hand axe          |     7 |       |       |       ||     7
       Punch             |       |       |     2 |       ||     2
 Cast: Summon Small Mamm |    47 |    20 |    19 |       ||    86
       Call Imp          |    14 |    13 |    14 |     6 ||    47
       Call Canine Famil |       |     3 |    16 |    20 ||    39
       Summon Lightning  |       |       |     6 |    47 ||    53
Evoke: Wand              |       |     1 |     3 |       ||     4
  Use: Potion            |       |     2 |       |     1 ||     3
       Scroll            |       |     1 |       |    15 ||    16
 Stab: Sleeping          |     4 |     4 |    13 |    10 ||    31
       Distracted        |       |       |     3 |     4 ||     7
Armor: Robe              |    14 |     5 |     9 |    27 ||    55
       Leather armour    |       |       |     7 |    46 ||    53
Dodge: Dodged            |    57 |    32 |    43 |   147 ||   279
Block: Buckler           |       |       |       |    18 ||    18
       Kite shield       |       |       |       |    70 ||    70

Table legend: (Time is in decaauts)
 A = Elapsed time spent in this place.
 B = Non-inter-level travel time spent in this place.
 C = Inter-level travel time spent in this place.
 D = Time resting spent in this place.
 E = Time spent auto-exploring this place.
 F = Levels seen in this place.
 G = Mean time per level.
                   A        B        C        D        E       F      G
               +--------+--------+--------+--------+--------+-----+--------+
         Total |  11659 |  11120 |    539 |    467 |   8344 |  12 |  971.6 |
       Dungeon |  10591 |  10052 |    539 |    385 |   7799 |  10 | 1059.1 |
         Sewer |    234 |    234 |      0 |     15 |    151 |   1 |  234.0 |
        Bailey |    833 |    833 |      0 |     67 |    394 |   1 |  833.0 |
               +--------+--------+--------+--------+--------+-----+--------+

Top non-repeatable levels by time:
     D:7: 1594 daAuts
     D:1: 1575 daAuts
     D:2: 1444 daAuts
     D:5: 1221 daAuts
     D:3: 1026 daAuts
     D:4: 996 daAuts
     D:8: 942 daAuts
     D:6: 875 daAuts
  Bailey: 833 daAuts
     D:9: 757 daAuts
   Sewer: 234 daAuts
    D:10: 157 daAuts
